 Dungeon Crawl Stone Soup version 0.24-a0-271-ga0fc33f (webtiles) character file.

Game seed: 16693997831056798223

136101 PegasusDuck the Severer (level 16, -25/155 HPs)
             Began as a Minotaur Fighter on Apr 23, 2019.
             Was an Initiate of Gozag.
             Killed from afar by a merfolk aquamancer (31 damage)
             ... with a shard of ice
             ... on level 2 of the Shoals on Apr 24, 2019.
             The game lasted 01:38:16 (27074 turns).

PegasusDuck the Severer (Minotaur Fighter)         Turns: 27074, Time: 01:38:19

Health: -25/155    AC: 27    Str: 33    XL:     16   Next: 66%
Magic:  0/25       EV:  9    Int:  5    God:    Gozag
Gold:   2881       SH:  0    Dex: 12    Spells: 15/15 levels left

rFire    . . .     SeeInvis +   a - +7 battleaxe (flame)
rCold    . . .     Gourm    .   (shield currently unavailable)
rNeg     . . .     Faith    .   F - +6 plate armour "Owaaffax" {Regen+ Dex+2}
rPois    +         Spirit   +   (helmet restricted)
rElec    .         Reflect  .   m - +2 cloak
rCorr    .         Harm     .   c - +1 pair of gloves {archery}
MR       ++...                  r - +2 pair of boots {run}
Stlth    ..........             u - amulet of guardian spirit
HPRegen  0.75/turn              i - ring of protection from magic
MPRegen  0.19/turn              M - ring of New Discoveries {rPois SInv}

@: mighty, gold aura, very slow
A: retaliatory headbutt, horns 2
a: Potion Petition, Call Merchant, Bribe Branch, Renounce Religion


You were on level 2 of the Shoals.
You worshipped Gozag.
Gozag was most pleased with you.
You were not hungry.

You visited 5 branches of the dungeon, and saw 26 of its levels.
You also visited: Bailey, Ice Cave and Volcano.

You collected 10372 gold pieces.
You spent 2523 gold pieces at shops.
You paid 4968 gold pieces to Gozag.

Inventory:

Hand Weapons
 a - a +7 battleaxe of flaming (weapon)
 b - the +3 arbalest of the Black Skies {penet, rElec rN+}
   (You found it on level 1 of the Lair of Beasts)

   Ammo fired by it will pass through the targets it hits, potentially hitting
   all targets in its path until it reaches maximum range.
   It insulates you from electricity.
   It protects you from negative energy.
 G - a +2 battleaxe of freezing
Missiles
 D - 80 bolts
Armour
 c - a +1 pair of gloves of archery (worn)
 m - a +2 cloak (worn)
 r - a +2 pair of boots of running (worn)
 F - the +6 plate armour "Owaaffax" (worn) {Regen+ Dex+2}
   (You bought it in a shop on level 2 of the Orcish Mines)

   It affects your dexterity (+2).
   It increases your rate of regeneration.
Jewellery
 i - a ring of protection from magic (left hand)
 p - an uncursed ring of flight
 u - an amulet of guardian spirit (around neck)
 y - an uncursed ring of ice
 B - an uncursed ring of protection from magic
 K - a +3 ring of evasion
 M - the ring of New Discoveries (right hand) {rPois SInv}
   (You took it off a gnoll on level 7 of the Dungeon)

   [ring of see invisible]

   It protects you from poison.
   It lets you see invisible.
 N - an uncursed ring of wizardry
 O - the ring of Foaneun {+Fly rPois rC+ Str+4 Int-4}
   (You found it in an ice cave)

   [ring of protection from cold]

   It affects your strength (+4).
   It affects your intelligence (-4).
   It protects you from cold.
   It protects you from poison.
   It lets you fly.
Wands
 d - a wand of scattershot (3)
 h - a wand of iceblast (9)
 I - a wand of enslavement (20)
 J - a wand of disintegration (34)
 L - a wand of acid (24)
 Q - a wand of paralysis (6)
 X - a wand of flame (61)
Scrolls
 e - 2 scrolls of blinking
 n - 10 scrolls of teleportation
 o - 7 scrolls of remove curse
 x - 4 scrolls of immolation
 A - 5 scrolls of fog
 E - a scroll of fear
 P - a scroll of silence
Potions
 g - 2 potions of ambrosia
 k - 2 potions of mutation
 q - 8 potions of heal wounds
 s - 2 potions of invisibility
 v - 12 potions of curing
 w - 3 potions of flight
 z - 2 potions of lignification
 C - 4 potions of haste
 H - 2 potions of magic
 T - 5 potions of agility
 W - 3 potions of brilliance
 Y - a potion of berserk rage
Miscellaneous
 V - a lamp of fire
Comestibles
 f - 29 rations


   Skills:
 - Level 17.0 Fighting
 - Level 17.0 Axes
 + Level 15.7 Crossbows
 - Level 6.2 Armour
 - Level 3.1 Dodging
   Level 3.6 Shields
 + Level 14.3 Evocations


You had 15 spell levels left.
You didn't know any spells.
Your spell library contained the following spells:

 Spells                   Type           Power        Failure   Level  Hunger
 Animate Skeleton         Necr           N/A          98%         1    ##.....
 Apportation              Tloc           #.....       98%         1    ##.....
 Confusing Touch          Hex            #.....       98%         1    ##.....
 Corona                   Hex            #......      98%         1    ##.....
 Pain                     Necr           #...         98%         1    ##.....
 Summon Small Mammal      Summ           #...         98%         1    ##.....
 Corpse Rot               Necr           N/A          99%         2    ###....
 Slow                     Hex            #.......     99%         2    ###....
 Sublimation of Blood     Necr           #.........   99%         2    ###....
 Inner Flame              Hex/Fire       #.......     100%        3    ####...
 Portal Projectile        Hex/Tloc       #.....       100%        3    ####...
 Regeneration             Chrm/Necr      #.........   100%        3    ####...
 Static Discharge         Conj/Air       #.......     100%        3    ####...
 Vampiric Draining        Necr           #.........   100%        3    ####...
 Animate Dead             Necr           N/A          100%        4    #####..
 Cause Fear               Hex            #.........   100%        4    #####..
 Ice Form                 Ice/Tmut       #.......     100%        4    #####..
 Leda's Liquefaction      Hex/Erth       #.........   100%        4    #####..
 Summon Ice Beast         Ice/Summ       #.......     100%        4    #####..
 Throw Icicle             Conj/Ice       #.......     100%        4    #####..
 Agony                    Necr           #.......     100%        5    ######.
 Bolt of Draining         Conj/Necr      #.........   100%        5    ######.
 Bolt of Magma            Conj/Fire/Erth #.........   100%        5    ######.
 Dispel Undead            Necr           #.......     100%        5    ######.
 Excruciating Wounds      Chrm/Necr      #.........   100%        5    ######.
 Iskenderun's Battlesphe  Conj/Chrm      #.......     100%        5    ######.
 Lightning Bolt           Conj/Air       #.........   100%        5    ######.
 Venom Bolt               Conj/Pois      #.........   100%        5    ######.
 Freezing Cloud           Conj/Ice/Air   #.........   100%        6    #######
 Iron Shot                Conj/Erth      #.........   100%        6    #######
 Ozocubu's Refrigeration  Ice            #.........   100%        6    #######
 Simulacrum               Ice/Necr       #.........   100%        6    #######
 Orb of Destruction       Conj           #.........   100%        7    #######
 Spellforged Servitor     Conj/Summ      #.........   100%        7    #######
 Ignition                 Fire           #.........   100%        8    #######
 Shatter                  Erth           #.........   100%        9    #######
 Tornado                  Air            #.........   100%        9    #######


Dungeon Overview and Level Annotations

Branches:
Dungeon (15/15)            Temple (1/1) D:7            Lair (6/6) D:8
 Shoals (2/4) Lair:2        Snake (0/4) Lair:3        Slime (0/5) Lair:5
    Orc (2/2) D:10            Elf (0/3) Orc:2        Vaults (0/5) D:13
 Depths (0/5) D:15

Altars:
Ashenzari
Cheibriados
Dithmenos
Elyvilon
Fedhas
Gozag
Hepliaklqana
Kikubaaqudgha
Makhleb
Nemelex Xobeh
Okawaru
Qazlal
Ru
Sif Muna
Trog
Uskayaw
Vehumet
Wu Jian
Xom
Yredelemnul
Zin
The Shining One
Jiyva

Shops:
D:9 (   D:11 }   D:14 [   Orc:1 *   Orc:2 *[?!(   Lair:1 [   Lair:4 %

Annotations:
Lair:3 2 runed translucent doors, Calas's ghost, journeyman MiFi
Lair:5 3 runed translucent doors, Bosausyc's ghost, journeyman DrBe


Innate Abilities, Weirdness & Mutations

You reflexively headbutt those who attack you in melee.
You have a pair of horns on your head.


Message History

The torrent of water hits you!!
* * * LOW HITPOINT WARNING * * *
You are knocked back by the torrent of water.
You collide with the sea snake!
* * * LOW HITPOINT WARNING * * *
Splash!
The wave splashes down.
The sea snake bites you but does no damage.
The sea snake barely misses you. You furiously retaliate!
You headbutt the sea snake!
You kill the sea snake!
The merfolk aquamancer gestures at you while chanting.
The shard of ice hits you!!
* * * LOW HITPOINT WARNING * * *
The sea snake bites you.
* * * LOW HITPOINT WARNING * * *
The merfolk aquamancer gestures at you while chanting.
The shard of ice hits you!!
You die...
Your body crumbles into a pile of gold.

≈≈≈≈≈≈≈≈≈..# #.#..(.#.#.≈≈≈≈≈.>
≈≈≈≈≈≈≈≈≈≈.###.#...(#......P≈..
≈≈≈≈≈≈≈≈≈≈...≈.#....#.#####.≈.#
≈≈≈≈≈≈≈≈≈≈≈≈≈≈.##$.##.# #.≈..
≈≈≈≈≈≈≈≈≈≈≈≈....$....#
≈≈≈≈≈≈≈≈≈≈≈.....$$..#
≈≈≈≈≈≈≈.≈..mP.P.^$.#
≈≈≈≈≈≈......P.P.P..#
≈≈≈≈≈≈....≈@P.P.P..'...
≈≈≈≈.....≈S≈...P..'...
≈.......≈≈$.P.P..#...#
.......≈≈≈.P.P..#...#
......≈≈≈......##+##
.......≈......(#$
........##..##.# $ .....≈≈.#
...# ..##.?≈.# ...#


You could see a sea snake and a merfolk aquamancer.

Vanquished Creatures
  Nikola (Shoals:1)
  Jorgrun (D:15)
  A kraken (Shoals:2)
  Kirke (D:13)
  Donald (Orc:2)
  Frances (D:13)
  A frost giant (IceCv)
  Nessos (D:14)
  Azrael (D:12)
  Snorg (Orc:2)
  A fire dragon (D:14)
  3 vault guards (D:13)
  6 hydras
  Harold (Lair:2)
  A yaktaur captain (D:15)
  A catoblepas (D:15)
  2 merfolk aquamancers
  2 two-headed ogres
  A centaur warrior (D:15)
  A merfolk avatar (Shoals:1)
  A death knight (D:12)
  A tengu warrior (D:13)
  2 death yaks (IceCv)
  3 orc high priests (Orc:2)
  Urug (Lair:5)
  10 sea snakes
  3 wizards (D:13)
  A skeletal warrior (D:12)
  4 unseen horrors
  12 harpies (Shoals:2)
  3 lindwurms
  2 deep elf magi
  4 orc knights
  2 cyclopes
  A wolf spider zombie (D:15)
  7 ugly things
  13 fauns
  8 manticores
  3 orc sorcerers (Orc:2)
  A toenail golem (Volcano)
  2 merfolk sirens
  14 elephants (Lair:4)
  A guardian serpent (Lair:3)
  3 black mambas
  An ice statue (IceCv)
  4 water nymphs (Shoals:2)
  A gargoyle (D:13)
  11 spiny frogs
  5 molten gargoyles (Volcano)
  A rime drake (IceCv)
  3 centaur skeletons
  8 komodo dragons
  An efreet (D:13)
  A yaktaur (D:15)
  2 freezing wraiths (D:12)
  2 ice devils (Lair:2)
  A troll (shapeshifter) (D:10)
  19 polar bears
  3 meliai (D:15)
  3 merfolk
  5 trolls
  8 slime creatures (D:15)
  2 wind drakes (Shoals:2)
  8 blink frogs
  6 hippogriffs
  4 snapping turtles (Shoals:2)
  6 hornets
  A blink frog (shapeshifter) (D:14)
  5 dream sheep
  Prince Ribbit (D:8)
  A centaur simulacrum (D:14)
  4 shadows
  12 spriggans (Lair:6)
  6 water elementals
  64 yaks
  3 basilisks
  A vampire (D:13)
  8 wyverns
  4 wraiths
  The ghost of Hylith the Digger, an amateur DDEE (D:7)
  3 hogs (D:13)
  5 fire elementals (D:12)
  Grum (D:7)
  A basilisk (shapeshifter) (D:15)
  18 humans (D:13)
  A soldier ant (shapeshifter) (D:12)
  2 wargs
  3 hungry ghosts
  An acid dragon (D:13)
  7 water moccasins
  2 hell hounds (Orc:1)
  23 orc warriors
  11 ice beasts
  8 porcupines
  2 hornet zombies
  4 sky beasts
  4 black bears
  2 eyes of draining
  2 phantoms (D:8)
  2 necrophages
  3 ogres
  6 boggarts
  42 wolves
  12 centaurs
  10 crocodiles
  2 big kobolds
  15 bullfrogs
  3 gnoll sergeants
  4 scorpions
  18 killer bees
  5 wights (D:8)
  4 howler monkeys
  A lava snake (D:12)
  11 jellies
  2 centaur zombies
  6 crimson imps
  2 quasits
  5 hounds
  32 orc wizards
  15 orc priests
  4 bullfrog skeletons
  2 gnoll shamans
  5 iguanas
  Ijyb (D:3)
  7 worker ants
  2 hell rats (Lair:1)
  A hound skeleton (D:6)
  9 adders
  21 gnolls
  9 river rats (Lair:1)
  4 shadow imps
  5 oozes (D:8)
  An adder skeleton (D:6)
  2 worms
  2 dart slugs (D:1)
  3 leopard geckos
  74 orcs
  5 bats
  A bat zombie (D:6)
  4 giant cockroaches
  12 hobgoblins
  23 jackals
  7 frilled lizards
  17 goblins
  30 kobolds
  2 leopard gecko skeletons (D:7)
  8 rats
  3 fungi
  10 plants
921 creatures vanquished.

Vanquished Creatures (collateral kills)
  An alligator snapping turtle (Shoals:2)
  A hog (D:13)
  A centaur (Shoals:2)
3 creatures vanquished.

Vanquished Creatures (others)
  Fannar (D:12)
  A merfolk aquamancer (Shoals:2)
  A sea snake (Shoals:2)
  An orc knight (Orc:2)
  4 wolves (IceCv)
  An orc priest (Orc:2)
  A bush (Lair:6)
  22 fungi
  9 plants
  4 tentacles (Shoals:2)
45 creatures vanquished.

Grand Total: 969 creatures vanquished

Notes
Turn   | Place    | Note
-------+----------+-------------------------------------------
     0 | D:1      | PegasusDuck the Minotaur Fighter began the quest for the
                  | Orb.
     0 | D:1      | Reached XP level 1. HP: 19/19 MP: 0/0
    65 | D:1      | Reached XP level 2. HP: 20/26 MP: 1/1
    92 | D:1      | You fall through a shaft!
   201 | D:2      | Found a shattered altar of Ashenzari.
   532 | D:1      | Reached XP level 3. HP: 17/31 MP: 2/2
  1086 | D:2      | Found a faded altar of an unknown god.
  1525 | D:3      | Reached skill level 5 in Axes
  1526 | D:3      | Noticed a water moccasin
  1545 | D:3      | Killed a water moccasin
  1545 | D:3      | Reached skill level 5 in Fighting
  1545 | D:3      | Reached XP level 4. HP: 36/44 MP: 3/3
  1545 | D:3      | Reached XP level 5. HP: 41/50 MP: 4/4
  2057 | D:3      | Noticed Ijyb
  2066 | D:3      | Killed Ijyb
  2066 | D:3      | Reached skill level 5 in Armour
  2066 | D:3      | Reached XP level 6. HP: 51/57 MP: 5/5
  2762 | D:4      | Reached skill level 1 in Evocations
  2792 | D:4      | Reached XP level 7. HP: 45/63 MP: 5/7
  3214 | D:5      | Entered Level 5 of the Dungeon
  3345 | D:5      | Reached skill level 1 in Dodging
  3529 | D:5      | Found a sacrificial altar of Ru.
  3615 | D:6      | Found a hide-covered altar of Uskayaw.
  3754 | D:6      | Found a burning altar of Makhleb.
  3765 | D:6      | Reached XP level 8. HP: 41/70 MP: 6/9
  3853 | D:6      | Found a stormy altar of Qazlal.
  3860 | D:6      | Found a blossoming altar of Fedhas.
  3964 | D:6      | Found a glowing golden altar of the Shining One.
  3977 | D:6      | Found a hazy altar of Hepliaklqana.
  4153 | D:6      | Found an ancient bone altar of Kikubaaqudgha.
  4467 | D:7      | Found a staircase to the Ecumenical Temple.
  4510 | Temple   | Entered the Ecumenical Temple
  4707 | Temple   | Became a worshipper of Gozag Ym Sagoz the Greedy
  4863 | D:7      | Reached skill level 10 in Axes
  4878 | D:7      | Found a transporter.
  4887 | D:7      | Noticed Hylith's ghost (amateur DDEE)
  4891 | D:7      | Noticed Grum
  4994 | D:7      | Reached XP level 9. HP: 71/75 MP: 8/10
  5058 | D:7      | Found a transporter.
  5063 | D:7      | Identified the ring of New Discoveries {rPois SInv}
  5295 | D:7      | Killed Hylith's ghost
  5296 | D:7      | Identified the +1 buckler "Azysch" {rPois Str+4}
  5565 | D:7      | Killed Grum
  5752 | D:8      | Found a staircase to the Lair.
  6067 | D:8      | Noticed a two-headed ogre
  6079 | D:8      | Killed a two-headed ogre
  6134 | D:8      | Reached XP level 10. HP: 75/83 MP: 11/11
  6330 | D:8      | Noticed Prince Ribbit
  6349 | D:8      | Killed Prince Ribbit
  6900 | D:9      | Reached skill level 15 in Axes
  6938 | D:9      | Found a flagged portal.
  6951 | Bailey   | Entered a bailey
  7048 | Bailey   | Noticed an orc knight
  7075 | Bailey   | Killed an orc knight
  7565 | D:10     | Entered Level 10 of the Dungeon
  7670 | D:10     | Reached XP level 11. HP: 26/89 MP: 7/12
  8028 | D:10     | Found a staircase to the Orcish Mines.
  8436 | D:10     | Killed an unseen horror
  8535 | D:10     | Noticed a two-headed ogre
  9409 | D:11     | Noticed a cyan ugly thing
  9423 | D:11     | Killed a cyan ugly thing
  9717 | D:11     | You fall through a shaft!
  9854 | D:12     | Noticed a deep elf mage
  9866 | D:12     | Killed a deep elf mage
  9866 | D:12     | Reached skill level 10 in Fighting
  9870 | D:12     | Reached skill level 5 in Evocations
 10049 | D:12     | Noticed a four-headed hydra
 10057 | D:12     | Killed a one-headed hydra
 10084 | D:12     | Noticed Azrael
 10091 | D:12     | Killed Azrael
 10094 | D:12     | Reached XP level 12. HP: 81/112 MP: 7/14
 10363 | D:12     | Noticed Fannar
 10374 | D:12     | Killed Fannar
 10394 | D:12     | Noticed a death knight
 10404 | D:12     | Killed a death knight
 10997 | D:11     | Found Ebrokkirr's Gadget Boutique.
 11293 | Lair:1   | Entered Level 1 of the Lair of Beasts
 11695 | Lair:1   | Got a twisted arbalest
 11699 | Lair:1   | Reached skill level 15 in Fighting
 11754 | Lair:1   | Noticed a six-headed hydra
 11762 | Lair:1   | Killed a three-headed hydra
 12104 | Lair:1   | Bought a pair of glowing gloves for 307 gold pieces
 12173 | Lair:2   | Found a frozen archway.
 12291 | Lair:2   | Noticed Harold
 12303 | Lair:2   | Killed Harold
 12399 | Lair:2   | Reached XP level 13. HP: 100/130 MP: 13/15
 12516 | Lair:2   | Got a crude plate armour
 12527 | Lair:2   | Identified the cursed +1 plate armour of Suokyst {rCorr}
                  | (You found it on level 2 of the Lair of Beasts)
 12644 | Lair:2   | Found a staircase to the Shoals.
 13146 | Lair:3   | Found a large runed translucent door.
 13147 | Lair:3   | Found a large runed translucent door.
 13150 | Lair:3   | Identified the +3 arbalest of the Black Skies {penet, rElec
                  | rN+} (You found it on level 1 of the Lair of Beasts)
 13157 | Lair:3   | Noticed Calas's ghost (journeyman MiFi)
 13229 | Lair:3   | Found a staircase to the Snake Pit.
 13349 | Lair:3   | Reached skill level 1 in Crossbows
 14421 | Lair:4   | Reached skill level 5 in Crossbows
 15003 | Lair:5   | Found a runed translucent gate.
 15003 | Lair:5   | Found a runed translucent gate.
 15003 | Lair:5   | Found a runed translucent gate.
 15003 | Lair:5   | Noticed Bosausyc's ghost (journeyman DrBe)
 15040 | Lair:5   | Found a frozen archway.
 15061 | IceCv    | Entered an ice cave
 15927 | IceCv    | Reached XP level 14. HP: 124/140 MP: 16/19
 15973 | IceCv    | Noticed a frost giant
 15988 | IceCv    | Killed a frost giant
 16076 | IceCv    | Got a fine lapis lazuli ring
 16077 | IceCv    | Identified the Handbook of the Glacier
 16425 | Lair:5   | Found a staircase to the Slime Pits.
 16425 | Lair:5   | Found a viscous altar of Jiyva.
 16432 | Lair:5   | Noticed Urug
 16440 | Lair:5   | Killed Urug
 17163 | Lair:6   | Entered Level 6 of the Lair of Beasts
 17876 | Lair:6   | Paralysed by a hornet for 1 turns
 18300 | Lair:6   | Reached skill level 10 in Crossbows
 18807 | Lair:6   | Reached skill level 10 in Evocations
 19639 | Orc:1    | Entered Level 1 of the Orcish Mines
 19694 | Orc:1    | Found Idifeib's Assorted Antiques.
 19702 | Orc:1    | Bought a scroll of magic mapping for 98 gold pieces
 19747 | Orc:1    | Found a dark tunnel.
 19762 | Orc:1    | Identified the ring of Foaneun {+Fly rPois rC+ Str+4 Int-4}
                  | (You found it in an ice cave)
 19764 | Volcano  | Entered a volcano
 20539 | Orc:2    | Entered Level 2 of the Orcish Mines
 20539 | Orc:2    | Noticed Donald
 20541 | Orc:2    | Found Omack's General Store.
 20549 | Orc:2    | Killed Donald
 20559 | Orc:2    | Found a bloodstained altar of Trog.
 20562 | Orc:2    | Noticed Snorg
 20569 | Orc:2    | Killed Snorg
 20919 | Orc:2    | Found a staircase to the Elven Halls.
 21104 | Orc:2    | Found Agrolipt's Weapon Shop.
 22197 | Orc:2    | Reached XP level 15. HP: 147/147 MP: 22/22
 22244 | Orc:2    | Found Mov Maom's Distillery.
 22250 | Orc:2    | Bought 2 potions of heal wounds for 130 gold pieces
 22250 | Orc:2    | Found Jauhupti's Magic Scroll Emporium.
 22252 | Orc:2    | Found Caugesu's Antique Armour Shop.
 22258 | Orc:2    | Bought a scroll of teleportation for 33 gold pieces
 22258 | Orc:2    | Bought a scroll of blinking for 82 gold pieces
 22260 | Orc:2    | Bought a jacinth-encrusted plate armour for 1036 gold
                  | pieces
 22260 | Orc:2    | Bought a jewelled ring mail for 333 gold pieces
 22260 | Orc:2    | Identified the +6 plate armour "Owaaffax" {Regen+ Dex+2}
                  | (You bought it in a shop on level 2 of the Orcish Mines)
 22261 | Orc:2    | Identified the +1 ring mail of Negligence {rElec Int+6}
                  | (You bought it in a shop on level 2 of the Orcish Mines)
 22623 | D:13     | Found a gate to the Vaults.
 22721 | D:13     | Noticed Frances
 22733 | D:13     | Killed Frances
 22994 | D:13     | Noticed Kirke
 23144 | D:13     | Killed Kirke
 23719 | D:14     | Bought a +0 pair of boots of running for 504 gold pieces
 24009 | D:14     | You fall through a shaft!
 24009 | D:15     | Entered Level 15 of the Dungeon
 24394 | D:15     | Noticed Jorgrun
 24400 | D:15     | Killed Jorgrun
 24572 | D:15     | Found a staircase to the Depths.
 24962 | D:14     | Noticed Nessos
 24971 | D:14     | Killed Nessos
 25191 | D:14     | Reached XP level 16. HP: 146/155 MP: 22/24
 25624 | Shoals:1 | Entered Level 1 of the Shoals
 26049 | Shoals:1 | Noticed Nikola
 26075 | Shoals:1 | Killed Nikola
 26632 | Shoals:2 | Reached skill level 15 in Crossbows
 26996 | Shoals:2 | Noticed a kraken
 27013 | Shoals:2 | Killed a kraken
 27074 | Shoals:2 | HP: 6/155 [sea snake (2)]
 27074 | Shoals:2 | Killed from afar by a merfolk aquamancer

Levels and vault maps discovered:
D:1:      lemuel_arrival_room, layout_loops_cross, kennysheep_boxes
D:2:      layout_loops_cross, evilmike_ruin_ashenzari,
          chequers_ecumenical_altar_island, first_ration, serial_park_tiny_2
D:3:      layout_loops_ring, uniq_ijyb
D:4:      layout_loops_ring
D:5:      layout_rooms, nicolae_ru_the_path_less_chosen
D:6:      layout_loops_cross, grunt_temple_overflow_forces_of_nature,
          kennysheep_little_box, kennysheep_mini, makhleb_blood_cavern_becter,
          lemuel_zombie_altar_kikubaaqudgha, eat_drink_and_be_merry_uskayaw
D:7:      layout_loops_cross, minmay_temple_entry_tees,
          gammafunk_ghost_gnarly_gnolls
D:8:      layout_basic, lair_entry_dummy, hangedman_little_slice_of_home,
          uniq_prince_ribbit1
D:9:      layout_rooms, enter_bailey_7
D:10:     minmay_bloctagon_deflated, layout_basic, erik_orc_4
D:11:     layout_loops_corners, serial_shops, kennysheep_mini_moat
D:12:     layout_roguey, kennysheep_generic_room_2, uniq_azrael, uniq_fannar
D:13:     layout_irregular_city, grunt_vaults_entry_tiered, serial_column_ruins,
          column_ruins_circle_medium, column_ruins_grid_5,
          column_ruins_open_small, column_ruins_open_large,
          column_ruins_open_tiny_water, column_ruins_corridor_water,
          column_ruins_open_large, minmay_fountain_box, uniq_frances, uniq_kirke
D:14:     layout_basic, minmay_misc_feat_doors, uniq_nessos
D:15:     grunt_enter_depths_snipers, layout_loops_ring, chequers_arboretum,
          minivault_4, hangedman_decor_diamond_cutter, uniq_jorgrun
Temple:   nicolae_temple_figure_eight
Lair:1:   layout_hall_layers, kennysheep_rathole, grunt_megastairs_4
Lair:2:   layout_regular_city, elwin_shoals_entry_rocks,
          portal_ice_cave_demonic_guard, minmay_stone_trees_large,
          grunt_megastairs_3, uniq_harold
Lair:3:   layout_concentric_octagons, minmay_snake_entry_spellcaster,
          ebering_ghost_disaster_area
Lair:4:   layout_cave_pods
Lair:5:   layout_cave_pods, slime_altar_1, portal_ice_cave_entry_ice_beasts,
          gammafunk_ghost_split, lemuel_fruit_tree, uniq_urug
Lair:6:   minmay_lair_end_enchanted_forest, layout_concentric_octagons,
          fungi_pond_lemuel
Shoals:1: layout_shoals, uniq_nikola
Shoals:2: cheibrodos_shoals_three_sisters, layout_shoals
Orc:1:    layout_caves, enter_volcano_3, serial_shops, shop_fountains
Orc:2:    st_orc_elflike, layout_caves, serial_shops, nicolae_shop_stone,
          basic_altar, uniq_snorg, uniq_donald
Bailey:   bailey_axe_1, bailey
IceCv:    ice_cave_caverns_02
Volcano:  volcano_aerie

Skill      XL: |  1  2  3  4  5  6  7  8  9 10 11 12 13 14 15 16 |
---------------+-------------------------------------------------+-----
Axes           | 3 4 5 6 10 14 16 17 | 17.0
Fighting       | 5 6 12 16 17 | 17.0
Armour         | 5 6 |  6.2
Evocations     | 1 3 5 8 11 13 14 | 14.3
Dodging        | 2 3 |  3.1
Crossbows      | 7 11 14 15 | 15.7
Shields        | |  3.6

Action                   |  1- 3 |  4- 6 |  7- 9 | 10-12 | 13-15 | 16-18 || total
-------------------------+-------+-------+-------+-------+-------+-------++-------
Melee: War axe           |    97 |   120 |    80 |       |       |       ||   297
       Headbutt          |     9 |    24 |    51 |    93 |   187 |    37 ||   401
       Broad axe         |       |       |   165 |    33 |       |       ||   198
       Battleaxe         |       |       |    15 |   466 |   915 |   146 ||  1542
 Fire: Shortbow          |       |       |     2 |    14 |       |       ||    16
       Arbalest          |       |       |       |       |    52 |    71 ||   123
Throw: Throwing net      |       |       |     1 |       |       |       ||     1
       Tomahawk          |       |       |       |    13 |       |       ||    13
Invok: Potion Petition   |       |       |     1 |     1 |     1 |     1 ||     4
       Call Merchant     |       |       |       |     2 |     2 |       ||     4
Evoke: Wand              |       |     2 |     1 |     2 |    14 |    11 ||    30
       Lamp of fire      |       |       |       |     1 |     3 |     1 ||     5
       Box of beasts     |       |       |       |       |     1 |     1 ||     2
  Use: Scroll            |     4 |     3 |     8 |    15 |    22 |     4 ||    56
       Potion            |     2 |     1 |     1 |     3 |     5 |     2 ||    14
 Stab: Distracted        |       |       |     1 |     5 |     4 |     1 ||    11
       Held in net/web   |       |       |     1 |       |       |       ||     1
       Invisible         |       |       |       |     8 |     3 |       ||    11
       Paralysed         |       |       |       |       |     4 |       ||     4
       Petrified         |       |       |       |       |     5 |       ||     5
  Eat: Chunk             |     1 |     5 |     5 |       |       |       ||    11
       Ration            |       |       |     2 |     6 |    12 |     2 ||    22
Armor: Scale mail        |    51 |    36 |       |       |       |       ||    87
       Ring mail         |       |    27 |   106 |   179 |       |       ||   312
       Plate armour      |       |       |       |       |   584 |   168 ||   752
Dodge: Dodged            |    46 |    72 |   204 |   318 |   357 |    90 ||  1087

Table legend:
 A = Non-vault XP
 B = Vault XP
 C = Vault XP percentage of total XP
 D = Non-vault monster count
 E = Vault monster count
 F = Vault count percentage of total count
                 A         B        C        D         E       F
            +---------+---------+-------+---------+---------+-------
      Total |  114728 |   79702 |  41.0 |     621 |     293 |  32.1
            +---------+---------+-------+---------+---------+-------
        D:1 |      46 |       0 |   0.0 |      27 |       0 |   0.0
        D:2 |      31 |       0 |   0.0 |      16 |       0 |   0.0
        D:3 |     300 |      36 |  10.7 |      34 |       1 |   2.9
        D:4 |     480 |       0 |   0.0 |      31 |       0 |   0.0
        D:5 |     241 |       0 |   0.0 |       8 |       0 |   0.0
        D:6 |     636 |     140 |  18.0 |      22 |       3 |  12.0
        D:7 |    1056 |    1179 |  52.8 |      23 |      17 |  42.5
        D:8 |    2142 |     409 |  16.0 |      24 |       9 |  27.3
        D:9 |    1006 |      20 |   1.9 |      18 |       4 |  18.2
       D:10 |    5862 |    1386 |  19.1 |      55 |      22 |  28.6
       D:11 |    2893 |       0 |   0.0 |      18 |       0 |   0.0
       D:12 |    6580 |    3532 |  34.9 |      26 |      10 |  27.8
       D:13 |    7936 |   13497 |  63.0 |      35 |      31 |  47.0
       D:14 |    7826 |    1334 |  14.6 |      48 |       1 |   2.0
       D:15 |   13323 |    5344 |  28.6 |      36 |       4 |  10.0
     Lair:1 |    3936 |     816 |  17.2 |      15 |      13 |  46.4
     Lair:2 |    6380 |    1911 |  23.0 |      30 |       4 |  11.8
     Lair:3 |    1491 |     484 |  24.5 |       5 |       1 |  16.7
     Lair:4 |   10053 |       0 |   0.0 |      29 |       0 |   0.0
     Lair:5 |    4616 |    1859 |  28.7 |      19 |       9 |  32.1
     Lair:6 |    5185 |    8316 |  61.6 |      14 |      43 |  75.4
   Shoals:1 |    9092 |    4330 |  32.3 |      19 |       1 |   5.0
   Shoals:2 |   21726 |    5755 |  20.9 |      43 |       8 |  15.7
      Orc:1 |    1019 |    1050 |  50.7 |       6 |       4 |  40.0
      Orc:2 |     872 |    9742 |  91.8 |      20 |      22 |  52.4
     Bailey |       0 |    1186 | 100.0 |       0 |      29 | 100.0
      IceCv |       0 |   13490 | 100.0 |       0 |      49 | 100.0
    Volcano |       0 |    3886 | 100.0 |       0 |       8 | 100.0
            +---------+---------+-------+---------+---------+-------
